Cogmind - Beta 13 @@@ ROGUE MODE // 2024.03.25 @ 13:26:11 Player: Finestep Result: Destroyed by 6E-DXI(R) with Subdweller Machine Gun Performance ------------- Evolutions (0) 0 Regions Visited (2) 400 Robots Destroyed (23) 115 Value Destroyed (681) 681 Prototype IDs (1) 20 Alien Tech Used (0) 0 Bonus (0) 0 TOTAL SCORE: 1216 Bonus ------- None Cogmind --------- Core Integrity 0/250 Matter 153/300 Energy 100/100 System Corruption 4% Temperature Cool (0) Movement Walking (120) Location -10/Subcaves Parts ------- > --- POWER (1) -------- (None) > --- PROPULSION (2) --- Improved Aluminum Leg > --- UTILITY (2) ------ Small Storage Unit Signal Interpreter > --- WEAPON (2) ------- Improved Assault Rifle > --- INVENTORY (8) ---- Cooling System Scrap Shield Shield Generator Heavy Hammer Peak State ------------ > --- POWER ------------ Ion Engine > --- PROPULSION ------- Improved Aluminum Leg Improved Aluminum Leg > --- UTILITY ---------- Small Storage Unit Targeting Computer > --- WEAPON ----------- Improved Assault Rifle Improved Assault Rifle > --- INVENTORY -------- Light Ion Engine Improved Aluminum Leg Improved Aluminum Leg Cooling System Signal Interpreter Shield Generator Light Assault Rifle Heavy Hammer [Rating: 14] Favorites ----------- Power Light Nuclear Core Engine Light Ion Engine Power Core Light Nuclear Core Propulsion Improved Aluminum Leg Leg Improved Aluminum Leg Wheel Wheel Utility Small Storage Unit Device Seismic Detector Storage Small Storage Unit Processor Targeting Computer Weapon Beam Cannon Energy Gun Medium Laser Energy Cannon Beam Cannon Ballistic Gun Light Assault Rifle Build | -11 -10 -10 ------- Run | Yrd Mat Sub Slots Evolved . | . . . Power . | . . . Propulsion . | . . . Utility . | . . . Weapon . | . . . Parts Attached 22 | 7 12 3 Power 3 | 1 2 . Engine 2 | 1 1 . Core 1 | . 1 . Reactor . | . . . Propulsion 8 | 2 4 2 Treads . | . . . Leg 6 | . 4 2 Wheel 2 | 2 . . Hover . | . . . Flight . | . . . Utility 4 | 2 2 . Device 1 | 1 . . Storage 1 | 1 . . Processor 2 | . 2 . Hackware . | . . . Protection . | . . . Artifact . | . . . Weapon 7 | 2 4 1 Energy Gun 1 | 1 . . Energy Cannon 2 | . 2 . Ballistic Gun 4 | 1 2 1 Ballistic Cannon . | . . . Launcher . | . . . Special Weapon . | . . . Impact Weapon . | . . . Slashing Weapon . | . . . Piercing Weapon . | . . . Special Melee Weapon . | . . . Unidentified Prototypes 1 | . 1 . Parts Lost 6 | . . 6 Power 1 | . . 1 Propulsion 3 | . . 3 Utility . | . . . Weapon 2 | . . 2 Highest Loss Streak 6 | . . 6 To Critical Strikes . | . . . Average Slot Usage (%) 99 | . 100 93 Engine 6 | . 5 11 Core 7 | . 8 . Leg 23 | . 23 26 Wheel 4 | . 4 . Device 1 | . 2 . Storage 14 | . 14 14 Processor 12 | . 11 14 Energy Gun 3 | . 3 . Energy Cannon 15 | . 17 . Ballistic Gun 9 | . 7 27 Naked Turns . | . . . Heaviest Build 16 | 12 16 16 Greatest Support 26 | 26 26 26 Greatest Overweight (x) 1 | 1 . . Average Overweight (x) . | . . . Largest Inventory Capacity 8 | 8 8 8 Average Capacity 7 | 7 8 8 Most Carried 8 | 7 8 8 Average Carried 7 | 6 7 6 Final Capacity 8 | 8 8 8 Final Carried 7 | 7 7 5 Class Distribution -------------------- 100% | Mutant Dominant Class ---------------- Mutant | -10/Materials Mutant | -10/Subcaves Resources | -11 -10 -10 ----------- Run | Yrd Mat Sub Matter Collected 777 | 211 540 26 Remotely . | . . . Salvage Created 782 | 24 498 260 Parts 52 | 3 30 19 Haulers Intercepted 1 | . 1 . Recyclers Shooed 1 | . 1 . Parts Field Recycled . | . . . Retrieved Matter . | . . . Parts Self-Destructed 5 | . . 5 Prevented . | . . . Kills | -11 -10 -10 ------- Run | Yrd Mat Sub Combat Hostiles Destroyed 17 | . 10 7 Guns 10 | . 3 7 Cannons 7 | . 7 . Classes Destroyed 8 | 1 5 2 Worker 1 | . 1 . Tunneler 1 | 1 . . Hauler 1 | . 1 . Watcher 3 | . 3 . Swarmer 2 | . 2 . Grunt 8 | . 8 . Sentry 1 | . . 1 Subdweller 6 | . . 6 Best Kill Streak 5 | 1 2 5 Combat Bots Only 5 | . 2 5 Max Kills in Single Turn 2 | 1 1 2 Gunslinging 1 | . . 1 Exploded . | . . . Melee . | . . . Uniques/NPCs Destroyed . | . . . Combat | -11 -10 -10 -------- Run | Yrd Mat Sub Hostile Shots Fired 102 | . 43 59 Missed 35 | . 16 19 Damage Taken 1291 | . 315 976 Core 263 | . 92 171 Absorbed by Shields . | . . . Core Remaining (%) 100 | 100 . . Volleys Fired 79 | 7 42 30 Largest 2 | 2 2 2 Hottest 120 | 70 120 46 Shots Fired 150 | 14 85 51 Gun 105 | 14 40 51 Cannon 45 | . 45 . Launcher . | . . . Special . | . . . Kinetic 81 | 7 23 51 Thermal 69 | 7 62 . Explosive . | . . . Electromagnetic . | . . . Robot Hit Streak 18 | 5 7 18 Robot Miss Streak 3 | 2 3 1 Penetration Max . | . . . Secondary Targets 4 | . . 4 Max Gunslinging Chain 1 | . . 1 Shots Hit Robots 111 | 11 54 46 Core Hits 36 | 2 21 13 Critical Kills 1 | . . 1 Critical Parts Destroyed . | . . . Critical Strikes 3 | . 2 1 Burn 2 | . 2 . Destroy 1 | . . 1 Melee Attacks . | . . . Impact . | . . . Slashing . | . . . Piercing . | . . . Sneak Attacks . | . . . Combat Hostiles . | . . . Follow-up Attacks . | . . . Damage Inflicted 1600 | 110 790 700 Guns 1110 | 110 300 700 Cannons 490 | . 490 . Explosions . | . . . Melee . | . . . Ramming . | . . . Kinetic 896 | 46 150 700 Thermal 704 | 64 640 . Explosive . | . . . Electromagnetic . | . . . Impact . | . . . Slashing . | . . . Piercing . | . . . Highest Corruption 4 | . 4 4 Average Corruption 3 | . 3 4 Corruption Purged . | . . . Corruption Blocked . | . . . Effects 22 | . 19 3 Message Errors 7 | . 4 3 Matter Fused 5 | . 5 . Heat Flow Errors 2 | . 2 . Energy Discharges 3 | . 3 . Data Loss (minor) 3 | . 3 . Data Loss (major) 1 | . 1 . Misfires 1 | . 1 . Overload Shots . | . . . Overflow Damage 2 | . 2 . Projectiles 2 | . 2 . Explosions . | . . . Melee . | . . . Knockbacks . | . . . Impact . | . . . Kinetic . | . . . Secondary . | . . . Self-Inflicted Damage . | . . . Shots . | . . . Rammed . | . . . Targets Rammed . | . . . Kicked . | . . . Crushed . | . . . Highest Temperature 508 | 110 508 . Average Temperature 112 | 60 118 . Received Heat Transfer 231 | . 171 60 Effects 4 | . 4 . Matter Decay 3 | . 3 . Short Circuit 1 | . 1 . Siege Activations . | . . . Robots Corrupted . | . . . Combat Hostiles . | . . . Parts Fried . | . . . Impact Corruptions . | . . . Robots Melted . | . . . Combat Hostiles . | . . . Parts Melted 4 | . 4 . Heat Transferred 1813 | 185 1628 . Parts Sabotaged . | . . . Parts Stolen . | . . . Parts Stripped . | . . . Power Chain Reactions . | . . . Alert | -11 -10 -10 ------- Run | Yrd Mat Sub Peak Influence 214 | 5 214 . Initial . | . . . Average 78 | 3 109 . Maximum Alert Level 1 | . 1 . Low Security (%) 89 | 100 84 . Level 1 10 | . 15 . Level 2 . | . . . Level 3 . | . . . Level 4 . | . . . Level 5 . | . . . High Security . | . . . Max Security . | . . . Squads Dispatched 2 | . 2 . Investigation 1 | . 1 . Extermination . | . . . Reinforcement 1 | . 1 . Assault . | . . . Garrison . | . . . Intercept . | . . . Searches Triggered . | . . . Construction Impeded . | . . . Haulers Reinforced . | . . . Active Scanning Responses . | . . . Cargo Convoy Interrupts . | . . . Stealth | -11 -10 -10 --------- Run | Yrd Mat Sub Distress Signals 1 | . 1 . Communications Jammed . | . . . Distress Signals . | . . . Times Spotted 27 | . 17 10 Peak Tracking Total 6 | . 3 6 Tactical Retreats 1 | . 1 . Traps | -11 -10 -10 ------- Run | Yrd Mat Sub Traps Triggered 4 | . 4 . Indirectly . | . . . Trap Hack Attempts . | . . . Triggered . | . . . Disarmed . | . . . Reprogrammed . | . . . Reused . | . . . Traps Extracted . | . . . Installed . | . . . Triggered . | . . . Machines | -11 -10 -10 ---------- Run | Yrd Mat Sub Machines Disabled 2 | . 2 . Max in Single Turn 1 | . 1 . Machines Repaired . | . . . Machines Dismantled . | . . . Machines Sabotaged . | . . . Overloaded Fab Kills . | . . . Hacking | -11 -10 -10 --------- Run | Yrd Mat Sub Machines Accessed 7 | . 7 . Terminals 7 | . 7 . Fabricators . | . . . Repair Stations . | . . . Recycling Units . | . . . Scanalyzers . | . . . Garrison Access . | . . . Total Hacks 20 | . 20 . Successful 7 | . 7 . Failed 13 | . 13 . Catastrophic 3 | . 3 . Database Lockouts . | . . . Manual 13 | . 13 . Terminals 20 | . 20 . Fabricators . | . . . Repair Stations . | . . . Recycling Units . | . . . Scanalyzers . | . . . Garrison Access . | . . . Terminal Hacks 3 | . 3 . Branch Access Points 1 | . 1 . Terminal Index 1 | . 1 . Hauler Manifests 1 | . 1 . Fabricator Hacks . | . . . Repair Station Hacks . | . . . Recycling Unit Hacks . | . . . Scanalyzer . | . . . Garrison Access Hacks . | . . . Unauthorized Hacks 4 | . 4 . Terminals 4 | . 4 . Track 1 | . 1 . Botnet 2 | . 2 . Operators 1 | . 1 . Fabricators . | . . . Repair Stations . | . . . Recycling Units . | . . . Scanalyzers . | . . . Garrison Access . | . . . Data Cores Recovered . | . . . Used . | . . . Hacking Detections 7 | . 7 . Full Trace Events 1 | . 1 . Feedback Events . | . . . Feedback Blocked . | . . . Robot Schematics Acquired . | . . . Robots Built . | . . . Authchips . | . . . Time . | . . . Total Robot Build Rating . | . . . Part Schematics Acquired . | . . . Parts Built . | . . . Authchips . | . . . Time . | . . . Total Part Build Rating . | . . . Parts Repaired . | . . . Time . | . . . Parts Recycled . | . . . Recycled Matter . | . . . Retrieved Matter . | . . . Retrieved Components . | . . . Parts Scanalyzed . | . . . Part Schematics Acquired . | . . . Parts Damaged . | . . . Bothacking | -11 -10 -10 ------------ Run | Yrd Mat Sub Used RIF Installer . | . . . Robots Hacked . | . . . Non-combat . | . . . Combat . | . . . Robot Hacks Applied . | . . . Relay Couplers Released . | . . . Fabnet Peak Effective % . | . . . Robots Rewired . | . . . Allies Hacked . | . . . Hacks Repelled . | . . . Allies | -11 -10 -10 -------- Run | Yrd Mat Sub Total Allies . | . . . Largest Group . | . . . Highest-Rated Group . | . . . Highest-Rated Ally . | . . . Total Orders . | . . . Ally Attacks . | . . . Total Damage . | . . . Kills . | . . . Allies Corrupted . | . . . Allies Melted . | . . . Intel | -11 -10 -10 ------- Run | Yrd Mat Sub Robot Analysis Total . | . . . Derelict Logs Recovered . | . . . Drone Launches . | . . . Drone Recoveries . | . . . Exploration | -11 -10 -10 ------------- Run | Yrd Mat Sub Turns Passed 1528 | 407 975 146 Spaces Moved 894 | 178 665 51 Core 11 | 11 . . Treads . | . . . Legs 604 | . 553 51 Wheels 279 | 167 112 . Hover . | . . . Flight . | . . . Fastest Speed 50 | 50 90 120 Average Speed 110 | 89 114 120 Slowest Speed 120 | 100 120 120 Overloaded Moves . | . . . Propulsion Burnouts . | . . . Robots Hopped . | . . . Cave-ins Triggered . | . . . Exploration Rate (%) 38 | 13 92 9 Regions Visited 2 Branch Regions 1 Pre-discovered Areas . | . . . Known Exits Taken 1 | . 1 . Unknown Exits Taken 1 | 1 . . Scrap Searched . | . . . Spaces Dug . | . . . Terrain Destroyed . | . . . Melee . | . . . Projectile . | . . . AOE . | . . . Terrain Rammed . | . . . Walls Destroyed . | . . . Machines Disabled . | . . . Actions | -11 -10 -10 --------- Run | Yrd Mat Sub Total 1300 | 409 805 86 Wait 258 | 211 47 . Move 892 | 177 664 51 Hop . | . . . Pick Up 24 | 7 16 1 Fast Attach 12 | 7 5 . Attach 6 | . 3 3 Detach . | . . . Swap 4 | . 4 . Drop 25 | . 24 1 Fire 79 | 7 42 30 Melee . | . . . Ram . | . . . Kick . | . . . Crush . | . . . Escape Stasis . | . . . Rewire . | . . . Trap . | . . . Miscellaneous . | . . . Route ------- -11/Scrapyard -10/Materials (discovered 5 exits: [*Mat x3] / *Min / *Sub) -10/Subcaves History --------- Turn | Location | Event 34 | -11/Scrapyard | Discovered new exit (range 15) 408 | -11/Scrapyard | Entered Materials 409 | -10/Materials | Build established: Mutant 418 | -10/Materials | Identified exit to Mines 456 | -10/Materials | Discovered new exit (range 6) 628 | -10/Materials | Discovered new exit (range 8) 832 | -10/Materials | Discovered new exit (range 13) 1351 | -10/Materials | Discovered new exit (range 7) 1383 | -10/Materials | Identified exit to Subcaves 1383 | -10/Materials | Entered Subcaves 1449 | -10/Subcaves | Ambushed by swarm of Subdwellers 1449 | -10/Subcaves | Ambushed by Subdwellers from Twisted Machinery 1449 | -10/Subcaves | Ambushed by Subdwellers from Twisted Machinery 1469 | -10/Subcaves | Core integrity fell below 50% 1494 | -10/Subcaves | Lost 4 allies 1514 | -10/Subcaves | Core integrity fell below 20% 1529 | -10/Subcaves | Destroyed by 6E-DXI(R) with Subdweller Machine Gun Last Messages --------------- 01466_ Imp. Assault Rifle destroyed. 01467_ AE-V7P(R) affixes Scrap Shield Fragment to Scrap Shield. 01471_ NO-V59(R) affixes Scrap Shield Fragment to Scrap Shield. 01473_ Imp. Aluminum Leg destroyed. 01478_ XJ-VDN(R) affixes Scrap Shield Fragment to Scrap Shield. 01479_ AE-V7P(R) destroyed. 01479_ Switching to secondary target: 5L-SAF(R). 01479_ 5L-SAF(R) destroyed. 01484_ XJ-VDN(R) affixes Scrap Shield Fragment to Scrap Shield. 01485_ XJ-VDN(R) destroyed. 01485_ Switching to secondary target: 6E-DXI(R). 01488_ 6E-DXI(R) affixes Scrap Shield Fragment to Scrap Shield. 01491_ Ion Engine destroyed. 01498_ NO-V59(R) affixes Scrap Shield Fragment to Scrap Shield. 01501_ Imp. Aluminum Leg destroyed. 01506_ NO-V59(R) affixes Scrap Shield Fragment to Scrap Shield. 01509_ NO-V59(R) destroyed. 01509_ Switching to secondary target: 6E-DXI(R). 01511_ Imp. Assault Rifle destroyed. 01514_ %XQEUB0<<